 Dungeon Crawl Stone Soup version 0.28-a0-863-g8cecda6153 (webtiles) character file.

Game seed: 9477795530627520958

4 ytrimaz the Skirmisher (level 1, 18/18 HPs)
             Began as a Demonspawn Abyssal Knight on Nov 17, 2021.
             Was an Initiate of Lugonu.
             Quit the game on level 1 of the Dungeon.
             The game lasted 00:01:11 (562 turns).

ytrimaz the Skirmisher (Demonspawn Abyssal Knight)   Turns: 562, Time: 00:01:12

Health: 18/18      AC:  4    Str: 13    XL:     1   Next: 50%
Magic:  2/2        EV: 11    Int: 11    God:    Lugonu [......]
Gold:   34         SH:  0    Dex: 13    Spells: 0/0 levels left

rFire   . . .      SeeInvis .   a - +1 falchion
rCold   . . .      Faith    .   (no shield)
rNeg    . . .      Spirit   .   b - +1 leather armour
rPois   .          Reflect  .   (no helmet)
rElec   .          Harm     .   (no cloak)
rCorr   .          Rampage  .   (no gloves)
Will    .....                   (no boots)
Stlth   +.........              (no amulet)
HPRegen 0.06/turn               (no ring)
MPRegen 0.08/turn               (no ring)

@: brilliant, flying
A: no striking features
a: Renounce Religion


You were on level 1 of the Dungeon.
You worshipped Lugonu.
Lugonu was noncommittal.
You visited 1 branch of the dungeon, and saw 1 of its levels.
You visited the Abyss 1 time.

You collected 59 gold pieces.
You spent 25 gold pieces at shops.

Inventory:

Hand Weapons
 a - a +1 falchion (weapon)
Armour
 b - a +1 leather armour (worn)


   Skills:
 + Level 3.1 Fighting
 + Level 1.7 Long Blades
 + Level 1.9 Armour
 + Level 0.8 Dodging
 + Level 2.5 Invocations


You couldn't memorise any spells.
You didn't know any spells.
Your spell library contained the following spells:

 Spells                   Type           Power      Damage    Failure   Level
 Freeze                   Ice            0%         1d3       41%         1


Dungeon Overview and Level Annotations

Branches:
Dungeon (1/15)

Altars:

Shops:
D:1 *


Message History

You hit the kobold.
You kill the kobold!
Lugonu accepts your kill.
Things that are here:
a +0 whip; a kobold corpse You start resting.
HP restored.
Things that are here:
a +0 whip; a kobold corpse You pick up Plato's Incunabulum of the Glacier and begin reading...
You add the spell Freeze to your library.
There is a faded altar of an unknown god here.
You pick your way through the web.
There is a web here.
Things that are here:
a +0 whip; a kobold corpse You open the door.
There is an open door here.
As you open the door, it creaks loudly!
There is an open door here.
Found Otiwn's Assorted Antiques.
You now have 59 gold pieces (gained 4).
There is an entrance to Otiwn's Assorted Antiques here.
g - a scroll labelled KULYVI XUUST Thank you for shopping at Otiwn's Assorted Antiques!
As you read the scroll labelled KULYVI XUUST, it crumbles to dust.
You feel strangely unstable.
It was a scroll of teleportation.
Unknown command.
It was a potion of ambrosia.
You are confused.
You feel invigorated.
It was a potion of flight.
You feel very buoyant.
You fly up into the air.
It was a potion of brilliance.
You feel clever all of a sudden.
It was a potion of curing.
You feel better.
You feel less invigorated.
Your surroundings suddenly seem different.
Unknown command.
Are you sure you want to abandon this character and quit the game? (Confirm with "yes".)

.. .. #.
##.##
#...## #
#....#.##
#.......+
#..@.#
#.........#
####.######
#. . #. #


There were no monsters in sight!

Vanquished Creatures
  A goblin (D:1)
  A kobold (D:1)
  A frilled lizard (D:1)
  A rat (D:1)
4 creatures vanquished.

Notes
Turn   | Place    | Note
-------+----------+-------------------------------------------
     0 | Abyss:1  | ytrimaz the Demonspawn Abyssal Knight began the quest for
                  | the Orb.
     0 | Abyss:1  | Reached XP level 1. HP: 18/18 MP: 2/2
    37 | Abyss:1  | Found a corrupted altar of Lugonu.
   100 | Abyss:1  | Noticed a thrashing horror
   103 | D:1      | Escaped the Abyss
   372 | D:1      | Found a faded altar of an unknown god.
   504 | D:1      | Got Plato's Incunabulum of the Glacier
   548 | D:1      | Found Otiwn's Assorted Antiques.
   557 | D:1      | Bought a scroll labelled KULYVI XUUST for 25 gold pieces
   562 | D:1      | Quit the game

Illustrated notes

Levels and vault maps discovered:
D:1:      dpeg_arrival_long_road, layout_loops_corners,
          shapermc_ecumenical_altar_rom_forum, serial_shops, shop,
          serial_park_tiny_2

Action                   || total
-------------------------++-------
Melee: Falchion          ||    15
Invok: Depart the Abyss  ||     1
  Use: Potion            ||     4
       Scroll            ||     2
Armor: Leather armour    ||     4
Dodge: Dodged            ||     7

Table legend: (Time is in decaauts)
 A = Elapsed time spent in this place.
 B = Non-inter-level travel time spent in this place.
 C = Inter-level travel time spent in this place.
 D = Time resting spent in this place.
 E = Time spent auto-exploring this place.
 F = Levels seen in this place.
 G = Mean time per level.
                   A        B        C        D        E       F      G
               +--------+--------+--------+--------+--------+-----+--------+
         Total |    564 |    564 |      0 |    114 |    373 |   2 |  282.0 |
       Dungeon |    461 |    461 |      0 |    114 |    286 |   1 |  461.0 |
         Abyss |    103 |    103 |      0 |      0 |     87 |   1 |  103.0 |
               +--------+--------+--------+--------+--------+-----+--------+

Top non-repeatable levels by time:
     D:1: 461 daAuts
 Abyss:1: 103 daAuts
